Match 46113680
Unlisted

Match 46113680
End
Construct Infanterie Kompanie
MG 42 Machine Gun Team
Grenadier Squad
GrW 34 Mortar Team
Grenadier Squad
Construct Panzergrenadier Kompanie
Panzergrenadier Squad
251 Medium Carrier
Pak 40 Anti-tank Gun Team
Pioneer Squad
Panzergrenadier Squad
Selects Breakthrough Battlegroup
Selects Assault Grenadiers
Selects 2.5-tonne Cargo Truck
Selects Blitzkrieg
Construct Panzer Kompanie
MG 42 Bunker
Selects Panzer IV Command Tank Sd.Kfz. 161/1
Panzer IV Medium Tank
Selects Smoke Bombing Run
Panzer IV Medium Tank
Blitzkrieg
Smoke Bombing Run
Selects Incendiary Bombing Run
Side Skirts
Blitzkrieg
DickDorSon
หนาวHEE part2
『👑MayMaya26💕』
crywo1f
Garyman
Kickapoo
0
0

Comments sign in to comment!

No comments posted yet!